Kelowna Rockets vs Edmonton Oil Kings
Created - Wednesday, October 23, 2024 at 07:22
Goals
|
| Kelowna Rockets |
1 |
2 |
1 |
4 |
| Edmonton Oil Kings |
0 |
2 |
0 |
2 |
|
Shots
|
| Kelowna Rockets |
3 |
16 |
9 |
28 |
| Edmonton Oil Kings |
5 |
8 |
12 |
25 |
|
1st period
1. Kelowna Rockets , Jacob Perreault 6 (Bobby McMann 44, Aku Raty 22) at 19:13
Penalties :
Mavrik Bourque (KEL) for Unsportsmanlike conduct (Minor) at 14:15
2nd period
2. Kelowna Rockets , Joel Kiviranta 24 (Bobby McMann 45, Mavrik Bourque 46) at 6:57 (PP)
3. Edmonton Oil Kings , Mackenzie Entwistle 16 (Joey Anderson 20, Ethan Cardwell 12) at 7:50
4. Edmonton Oil Kings , Filip Zadina 27 (Noah Gregor 25, Ryker Evans 26) at 9:07
5. Kelowna Rockets , Mikael Pyyhtia 6 (Oskar Back 3, Adam Sykora 10) at 17:03
Penalties :
Oskar Back (KEL) for High sticking (Minor) at 0:34, Troy Stecher (EOK) for Tripping (Minor) at 2:06, Brett Kulak (EOK) for High sticking (Minor) at 5:50, Bobby McMann (KEL) for Tripping (Minor) at 9:19, Ryker Evans (EOK) for Holding (Minor) at 14:31
3rd period
6. Kelowna Rockets , Mavrik Bourque 32 (Bobby McMann 46) at 4:37
Penalties :
Ethan Cardwell (EOK) for Tripping (Minor) at 0:13, Mackenzie Entwistle (EOK) for Slashing (Minor) at 5:52
Goalie Stats
Arvid Holm (KEL), 23 saves from 25 shots - (0.920), W, 9-7-0, 60:00 minutes
Karel Vejmelka (EOK), 24 saves from 28 shots - (0.857), L, 2-3-0, 60:00 minutes
Players Stats for Kelowna Rockets
Player Name G A P +/- PIM S H SB GA TA FO MP PP MP PK MP
------------------------------------------------------------------------------------
Adam Sykora 0 1 1 -1 0 2 0 1 0 0 0/0 13:05 0:00 0:00
Aku Raty 0 1 1 0 0 4 1 0 0 0 0/0 17:13 4:28 0:00
Bobby McMann 0 3 3 2 2 2 2 1 0 0 3/4 20:30 3:31 1:35
Chad Ruhwedel 0 0 0 0 0 1 5 0 0 0 0/0 25:02 4:28 2:53
Eemil Viro 0 0 0 0 0 0 1 0 0 0 0/0 14:23 0:00 0:00
Hardy Haman Aktell 0 0 0 1 0 0 1 1 0 0 0/0 20:11 4:08 2:37
Henri Nikkanen 0 0 0 0 0 0 1 0 0 0 0/1 5:44 0:35 0:15
Jacob Perreault 1 0 1 1 0 1 0 0 0 0 0/0 6:12 0:00 0:00
Jake Christiansen 0 0 0 1 0 1 0 0 3 0 0/0 20:11 4:08 2:37
Jasper Weatherby 0 0 0 1 0 1 1 0 1 0 1/2 9:44 0:00 2:03
Joel Kiviranta 1 0 1 1 0 2 0 0 1 1 1/5 18:30 3:53 2:45
Kim Nousiainen 0 0 0 0 0 0 1 0 0 1 0/0 14:18 0:00 0:00
Mavrik Bourque 1 1 2 1 2 3 4 1 0 0 5/11 17:53 3:45 1:47
Maxence Guenette 0 0 0 0 0 2 2 3 0 1 0/0 25:14 4:28 2:53
Mikael Pyyhtia 1 0 1 -1 0 2 0 1 2 1 2/7 13:57 0:06 0:00
Oskar Back 0 1 1 -1 2 1 1 0 0 0 0/0 13:41 0:18 0:00
Riley Nash 0 0 0 0 0 2 1 1 0 0 9/15 20:14 4:41 2:20
Roby Jarventie 0 0 0 0 0 4 1 0 0 0 0/0 17:58 4:31 0:15
Players Stats for Edmonton Oil Kings
Player Name G A P +/- PIM S H SB GA TA FO MP PP MP PK MP
------------------------------------------------------------------------------------
Brett Kulak 0 0 0 0 2 0 1 2 0 1 0/0 22:55 2:46 4:14
Connor McMichael 0 0 0 -1 0 2 0 0 0 1 11/23 20:43 2:53 3:55
Dillon Dube 0 0 0 0 0 0 1 1 1 0 6/8 16:25 2:37 0:00
Ethan Cardwell 0 1 1 0 2 3 2 0 0 0 0/0 15:01 0:00 0:00
Filip Zadina 1 0 1 0 0 2 0 0 0 0 0/0 16:49 2:37 0:03
Jack Quinn 0 0 0 -1 0 5 2 0 0 1 0/0 20:55 2:53 4:21
Joey Anderson 0 1 1 0 0 5 0 2 1 1 0/0 14:12 0:00 0:36
Josh Mahura 0 0 0 -1 0 1 0 3 0 0 0/0 14:23 0:00 0:10
Kale Clague 0 0 0 0 0 0 0 0 0 1 0/0 16:16 0:00 2:13
Kirill Marchenko 0 0 0 -1 0 2 2 0 1 0 0/0 23:13 2:53 4:21
Luke Hughes 0 0 0 0 0 3 1 1 0 0 0/0 22:53 2:44 4:24
Mackenzie Entwistle 1 0 1 0 2 1 3 0 0 0 7/11 12:22 0:00 0:00
Noah Gregor 0 1 1 1 0 0 5 1 1 1 0/0 20:31 2:37 3:56
Ryker Evans 0 1 1 -1 2 0 2 2 0 1 0/0 21:43 2:46 2:47
Samuel Helenius 0 0 0 0 0 0 0 0 0 0 0/3 4:04 0:00 0:00
Troy Stecher 0 0 0 0 2 1 3 2 0 0 0/0 22:07 2:43 3:24
Tyler Angle 0 0 0 -1 0 0 0 0 0 0 0/0 3:48 0:00 0:00
Xavier Bourgault 0 0 0 0 0 0 0 0 0 0 0/0 2:32 0:00 0:00
3 Stars
1 - Mavrik Bourque (KEL)
2 - Bobby McMann (KEL)
3 - Jacob Perreault (KEL)
Power Play
Kelowna Rockets - 1 on 5 Attempt(s) - 20.00%
Edmonton Oil Kings - 0 on 3 Attempt(s) - 0.00%
Penalty Kill
Kelowna Rockets - 3 on 3 Attempt(s) - 100.00%
- Score 0 goal in Penalty Kill
Edmonton Oil Kings - 4 on 5 Attempt(s) - 80.00%
- Score 0 goal in Penalty Kill
Team Stat
Kelowna Rockets - Hits : 22 - Faceoff Wins : 21 - Blocked Shots : 9 - Penalty Minutes : 6
Edmonton Oil Kings - Hits : 22 - Faceoff Wins : 24 - Blocked Shots : 14 - Penalty Minutes : 10
Official
Referees : Wes Mccauley and Graham Skilliter
Linesman : Matt MacPherson and Tommy Hughes
Game Notes
No Game Note
Kelowna Rockets
5 vs 5 Forward
Center Left Wing Right Wing Time % Phy DF OF
1 Mavrik Bourque Bobby McMann Joel Kiviranta 30 1 2 2
2 Riley Nash Roby Jarventie Aku Raty 30 1 2 2
3 Mikael Pyyhtia Adam Sykora Oskar Back 25 1 2 2
4 Jasper Weatherby Bobby McMann Jacob Perreault 15 1 2 2
5 vs 5 Defense
Defense Defense Time % Phy DF OF
1 Chad Ruhwedel Maxence Guenette 30 1 2 2
2 Jake Christiansen Hardy Haman Aktell 30 1 2 2
3 Eemil Viro Kim Nousiainen 25 1 2 2
4 Chad Ruhwedel Maxence Guenette 15 1 2 2
PowerPlay Forward
Center Left Wing Right Wing Time % Phy DF OF
1 Mavrik Bourque Bobby McMann Joel Kiviranta 50 1 2 2
2 Riley Nash Roby Jarventie Aku Raty 50 1 2 2
PowerPlay Defense
Defense Defense Time % Phy DF OF
1 Chad Ruhwedel Maxence Guenette 50 1 2 2
2 Jake Christiansen Hardy Haman Aktell 50 1 2 2
Penalty Kill 4 Players Forward
Center Wing Time % Phy DF OF
1 Bobby McMann Mavrik Bourque 50 1 2 2
2 Joel Kiviranta Riley Nash 50 1 2 2
Penalty Kill 4 Players Defense
Defense Defense Time % Phy DF OF
1 Chad Ruhwedel Maxence Guenette 50 1 2 2
2 Jake Christiansen Hardy Haman Aktell 50 1 2 2
Penalty Kill - 3 Players Forward
Forward Time % Phy DF OF
1 Bobby McMann 50 1 2 2
2 Mavrik Bourque 50 1 2 2
Penalty Kill - 3 Players Defense
Defense Defense Time % Phy DF OF
1 Chad Ruhwedel Maxence Guenette 50 1 2 2
2 Jake Christiansen Hardy Haman Aktell 50 1 2 2
4 vs 4 Forward
Center Wing Time % Phy DF OF
1 Bobby McMann Mavrik Bourque 50 1 2 2
2 Joel Kiviranta Riley Nash 50 1 2 2
4 vs 4 Defense
Defense Defense Time % Phy DF OF
1 Chad Ruhwedel Maxence Guenette 50 1 2 2
2 Jake Christiansen Hardy Haman Aktell 50 1 2 2
Last Minutes Offensive
Center Left Wing Right Wing Defense Defense
Mavrik Bourque Bobby McMann Joel Kiviranta Chad Ruhwedel Maxence Guenette
Last Minutes Defensive
Center Left Wing Right Wing Defense Defense
Mavrik Bourque Bobby McMann Joel Kiviranta Chad Ruhwedel Maxence Guenette
Goaltenders
Starting : Arvid Holm
Backup : Eetu Makiniemi
Extra Forwards
Normal : Henri Nikkanen, Mikael Pyyhtia, Jasper Weatherby - PP : Henri Nikkanen, Mikael Pyyhtia - PK : Jasper Weatherby
Extra Defensemen
Normal : Eemil Viro, Kim Nousiainen, Jake Christiansen - PP : Eemil Viro - PK : Kim Nousiainen, Jake Christiansen
Penalty Shots
Bobby McMann, Mavrik Bourque, Joel Kiviranta, Riley Nash, Roby Jarventie
Scratches
Adam Raska (Healthy), Samu Tuomaala (Healthy), Navrin Mutter (Healthy), Riley Bezeau (Healthy), Connor Zary (Healthy)
Raivis Ansons (Healthy), Mason Primeau (Healthy), Oscar Dansk (Healthy)
Edmonton Oil Kings
5 vs 5 Forward
Center Left Wing Right Wing Time % Phy DF OF
1 Connor McMichael Jack Quinn Kirill Marchenko 30 1 2 2
2 Dillon Dube Filip Zadina Noah Gregor 30 1 2 2
3 Mackenzie Entwistle Ethan Cardwell Joey Anderson 25 1 2 2
4 Samuel Helenius Kirill Marchenko Ethan Cardwell 15 1 2 2
5 vs 5 Defense
Defense Defense Time % Phy DF OF
1 Troy Stecher Luke Hughes 35 1 2 2
2 Brett Kulak Ryker Evans 35 1 2 2
3 Josh Mahura Kale Clague 30 1 2 2
4 Troy Stecher Luke Hughes 0 1 2 2
PowerPlay Forward
Center Left Wing Right Wing Time % Phy DF OF
1 Connor McMichael Jack Quinn Kirill Marchenko 50 1 2 2
2 Dillon Dube Filip Zadina Noah Gregor 50 1 2 2
PowerPlay Defense
Defense Defense Time % Phy DF OF
1 Troy Stecher Luke Hughes 50 1 2 2
2 Brett Kulak Ryker Evans 50 1 2 2
Penalty Kill 4 Players Forward
Center Wing Time % Phy DF OF
1 Kirill Marchenko Jack Quinn 50 1 2 2
2 Connor McMichael Noah Gregor 50 1 2 2
Penalty Kill 4 Players Defense
Defense Defense Time % Phy DF OF
1 Troy Stecher Luke Hughes 50 1 2 2
2 Brett Kulak Ryker Evans 50 1 2 2
Penalty Kill - 3 Players Forward
Forward Time % Phy DF OF
1 Kirill Marchenko 50 1 2 2
2 Jack Quinn 50 1 2 2
Penalty Kill - 3 Players Defense
Defense Defense Time % Phy DF OF
1 Troy Stecher Luke Hughes 50 1 2 2
2 Brett Kulak Ryker Evans 50 1 2 2
4 vs 4 Forward
Center Wing Time % Phy DF OF
1 Kirill Marchenko Jack Quinn 50 1 2 2
2 Connor McMichael Noah Gregor 50 1 2 2
4 vs 4 Defense
Defense Defense Time % Phy DF OF
1 Troy Stecher Luke Hughes 50 1 2 2
2 Brett Kulak Ryker Evans 50 1 2 2
Last Minutes Offensive
Center Left Wing Right Wing Defense Defense
Connor McMichael Jack Quinn Kirill Marchenko Troy Stecher Luke Hughes
Last Minutes Defensive
Center Left Wing Right Wing Defense Defense
Connor McMichael Jack Quinn Kirill Marchenko Troy Stecher Luke Hughes
Goaltenders
Starting : Karel Vejmelka
Backup : Unknown Goalie
Extra Forwards
Normal : Tyler Angle, Xavier Bourgault, Joey Anderson - PP : Tyler Angle, Xavier Bourgault - PK : Joey Anderson
Extra Defensemen
Normal : Josh Mahura, Kale Clague, Brett Kulak - PP : Josh Mahura - PK : Kale Clague, Brett Kulak
Penalty Shots
Kirill Marchenko, Jack Quinn, Connor McMichael, Noah Gregor, Filip Zadina
Scratches
Riley Kidney (Healthy), Pavel Novak (Healthy), Noel Gunler (Healthy), Jonathan Quick (Healthy), Kasimir Kaskisuo (Healthy)
% Time on Ice - Kelowna Rockets
Lines # - Real PCT - Wanted PCT - Time Play
Normal Forward
1 - 28% - 30% - 12:32
2 - 30% - 30% - 13:45
3 - 29% - 25% - 12:58
4 - 14% - 15% - 6:12
Normal Defense
1 - 28% - 30% - 12:46
2 - 30% - 30% - 13:40
3 - 31% - 25% - 14:18
4 - 10% - 15% - 4:43
PP Forward
1 - 44% - 50% - 3:46
2 - 56% - 50% - 4:50
PP Defense
1 - 52% - 50% - 4:28
2 - 48% - 50% - 4:08
PK Forward
1 - 58% - 50% - 3:10
2 - 42% - 50% - 2:20
PK Defense
1 - 52% - 50% - 2:53
2 - 48% - 50% - 2:37
PK3 Forward
1 - 0% - 50%
2 - 0% - 50%
PK3 Defense
1 - 0% - 50%
2 - 0% - 50%
44 Forward
1 - 74% - 50% - 0:20
2 - 26% - 50% - 0:07
44 Defense
1 - 89% - 50% - 0:24
2 - 11% - 50% - 0:03
Last Minute Offensive - 0:00
Last Minute Defensive - 0:00
Total
Forward - 60:00
Defense - 60:00
|
% Time on Ice - Edmonton Oil Kings
Lines # - Real PCT - Wanted PCT - Time Play
Normal Forward
1 - 30% - 30% - 13:31
2 - 36% - 30% - 16:15
3 - 26% - 25% - 11:37
4 - 9% - 15% - 4:04
Normal Defense
1 - 35% - 35% - 15:45
2 - 34% - 35% - 15:39
3 - 31% - 30% - 14:03
4 - 0% - 0% - 0:00
PP Forward
1 - 52% - 50% - 2:53
2 - 48% - 50% - 2:37
PP Defense
1 - 50% - 50% - 2:44
2 - 50% - 50% - 2:46
PK Forward
1 - 52% - 50% - 4:30
2 - 48% - 50% - 4:06
PK Defense
1 - 53% - 50% - 4:34
2 - 47% - 50% - 4:02
PK3 Forward
1 - 0% - 50%
2 - 0% - 50%
PK3 Defense
1 - 0% - 50%
2 - 0% - 50%
44 Forward
1 - 22% - 50% - 0:06
2 - 78% - 50% - 0:21
44 Defense
1 - 0% - 50% - 0:00
2 - 100% - 50% - 0:27
Last Minute Offensive - 0:00
Last Minute Defensive - 0:00
Total
Forward - 60:00
Defense - 60:00
|
Play-by-Play
1st period
0:01 of 1st period - Connor McMichael wins face-off versus Mavrik Bourque in neutral zone.
0:20 of 1st period - Bobby McMann is hit by Troy Stecher and loses puck.
0:41 of 1st period - Chad Ruhwedel is hit by Ryker Evans and loses puck.
1:20 of 1st period - Jasper Weatherby is hit by Kirill Marchenko and loses puck.
1:52 of 1st period - Icing by Mavrik Bourque.
1:53 of 1st period - Bobby McMann wins face-off versus Mackenzie Entwistle in Kelowna Rockets zone.
2:10 of 1st period - Oskar Back is hit by Dillon Dube and loses puck.
2:33 of 1st period - Slapshot by Kirill Marchenko.
2:33 of 1st period - Shot Misses the Net.
2:43 of 1st period - Slapshot by Oskar Back.
2:43 of 1st period - Shot Misses the Net.
2:45 of 1st period - Wrist shot by Mikael Pyyhtia.
2:45 of 1st period - Stopped by Karel Vejmelka with a rebound.
3:23 of 1st period - Snap shot by Kirill Marchenko.
3:23 of 1st period - Shot Misses the Net.
3:31 of 1st period - Snap shot by Oskar Back.
3:31 of 1st period - Shot Misses the Net.
3:37 of 1st period - Snap shot by Mikael Pyyhtia.
3:37 of 1st period - Shot Blocked by Josh Mahura.
3:39 of 1st period - Wrist shot by Adam Sykora.
3:39 of 1st period - Stopped by Karel Vejmelka with a rebound.
3:41 of 1st period - Backhand shot by Adam Sykora.
3:41 of 1st period - Shot Misses the Net.
3:43 of 1st period - Snap shot by Mikael Pyyhtia.
3:43 of 1st period - Shot Misses the Net.
4:18 of 1st period - Icing by Mikael Pyyhtia.
4:19 of 1st period - Dillon Dube wins face-off versus Mikael Pyyhtia in Kelowna Rockets zone.
4:28 of 1st period - Snap shot by Filip Zadina.
4:28 of 1st period - Stopped by Arvid Holm with a rebound.
4:30 of 1st period - Slapshot by Troy Stecher.
4:30 of 1st period - Deflect By Dillon Dube.
4:30 of 1st period - Shot Blocked by Mikael Pyyhtia.
4:30 of 1st period - Puck is out of play.
4:31 of 1st period - Mackenzie Entwistle wins face-off versus Riley Nash in Kelowna Rockets zone.
5:27 of 1st period - Joel Kiviranta is hit by Noah Gregor and loses puck.
6:53 of 1st period - Troy Stecher is hit by Henri Nikkanen and loses puck.
8:23 of 1st period - Jack Quinn is hit by Kim Nousiainen and loses puck.
9:17 of 1st period - Josh Mahura is hit by Riley Nash and loses puck.
9:42 of 1st period - Jacob Perreault is hit by Mackenzie Entwistle and loses puck.
10:51 of 1st period - Snap shot by Connor McMichael.
10:51 of 1st period - Deflect By Jack Quinn.
10:51 of 1st period - Shot Misses the Net.
10:51 of 1st period - Puck is out of play.
10:52 of 1st period - Riley Nash wins face-off versus Connor McMichael in Kelowna Rockets zone.
11:21 of 1st period - Chad Ruhwedel is hit by Mackenzie Entwistle and loses puck.
11:33 of 1st period - Off-side.
11:34 of 1st period - Connor McMichael wins face-off versus Mikael Pyyhtia in neutral zone.
11:57 of 1st period - Snap shot by Connor McMichael.
11:57 of 1st period - Shot Misses the Net.
12:58 of 1st period - Snap shot by Mikael Pyyhtia.
12:58 of 1st period - Shot Misses the Net.
13:17 of 1st period - Wrist shot by Mikael Pyyhtia.
13:17 of 1st period - Shot Misses the Net.
13:19 of 1st period - Wrist shot by Roby Jarventie.
13:19 of 1st period - Deflect By Riley Nash.
13:19 of 1st period - Shot Blocked by Joey Anderson.
13:19 of 1st period - Puck is out of play.
13:20 of 1st period - Riley Nash wins face-off versus Mackenzie Entwistle in Edmonton Oil Kings zone.
13:45 of 1st period - Slapshot by Joey Anderson.
13:45 of 1st period - Stopped by Arvid Holm with a rebound.
13:47 of 1st period - Wrist shot by Mackenzie Entwistle.
13:47 of 1st period - Deflect By Ethan Cardwell.
13:47 of 1st period - Stopped by Arvid Holm with a rebound.
13:49 of 1st period - Snap shot by Ryker Evans.
13:49 of 1st period - Shot Blocked by Adam Sykora.
13:51 of 1st period - Slapshot by Ethan Cardwell.
13:51 of 1st period - Shot Misses the Net.
13:53 of 1st period - Wrist shot by Ethan Cardwell.
13:53 of 1st period - Stopped by Arvid Holm without a rebound.
13:54 of 1st period - Mavrik Bourque wins face-off versus Dillon Dube in Kelowna Rockets zone.
14:03 of 1st period - Jake Christiansen is hit by Noah Gregor.
14:15 of 1st period - Minor Penalty to Mavrik Bourque for Unsportsmanlike conduct.
14:16 of 1st period - Bobby McMann wins face-off versus Connor McMichael in Kelowna Rockets zone.
14:32 of 1st period - Slapshot by Troy Stecher.
14:32 of 1st period - Shot Blocked by Bobby McMann.
15:37 of 1st period - Connor McMichael is hit by Jasper Weatherby and loses puck.
16:03 of 1st period - Icing by Filip Zadina.
16:04 of 1st period - Dillon Dube wins face-off versus Henri Nikkanen in Edmonton Oil Kings zone.
16:15 of 1st period - Penalty to Mavrik Bourque is over, Mavrik Bourque is back on ice.
16:29 of 1st period - Snap shot by Joey Anderson.
16:29 of 1st period - Shot Blocked by Mavrik Bourque.
16:31 of 1st period - Slapshot by Josh Mahura.
16:31 of 1st period - Stopped by Arvid Holm with a rebound.
16:45 of 1st period - Wrist shot by Riley Nash.
16:45 of 1st period - Shot Misses the Net.
16:47 of 1st period - Snap shot by Roby Jarventie.
16:47 of 1st period - Shot Misses the Net.
17:17 of 1st period - Snap shot by Jasper Weatherby.
17:17 of 1st period - Shot Misses the Net.
17:19 of 1st period - Snap shot by Jasper Weatherby.
17:19 of 1st period - Deflect By Bobby McMann.
17:19 of 1st period - Shot Blocked by Ryker Evans.
17:19 of 1st period - Puck is out of play.
17:20 of 1st period - Jasper Weatherby wins face-off versus Mackenzie Entwistle in Edmonton Oil Kings zone.
17:43 of 1st period - Slapshot by Jasper Weatherby.
17:43 of 1st period - Shot Misses the Net.
18:14 of 1st period - Off-side.
18:15 of 1st period - Mackenzie Entwistle wins face-off versus Mikael Pyyhtia in neutral zone.
18:40 of 1st period - Noah Gregor is hit by Bobby McMann and loses puck.
19:13 of 1st period - Snap shot by Jacob Perreault.
19:13 of 1st period - Goal by Jacob Perreault - Kelowna Rockets : 1 - Edmonton Oil Kings : 0.
19:14 of 1st period - Riley Nash wins face-off versus Samuel Helenius in neutral zone.
19:17 of 1st period - Kirill Marchenko is hit by Aku Raty and loses puck.
Goals for this period are 1 for Kelowna Rockets vs 0 for Edmonton Oil Kings.
Shots for this period are 3 for Kelowna Rockets vs 5 for Edmonton Oil Kings.
2nd period
0:01 of 2nd period - Riley Nash wins face-off versus Connor McMichael in neutral zone.
0:06 of 2nd period - Jack Quinn is hit by Chad Ruhwedel and loses puck.
0:25 of 2nd period - Kirill Marchenko is hit by Chad Ruhwedel.
0:34 of 2nd period - Minor Penalty to Oskar Back for High sticking.
0:35 of 2nd period - Dillon Dube wins face-off versus Joel Kiviranta in Kelowna Rockets zone.
1:27 of 2nd period - Chad Ruhwedel is hit by Luke Hughes and loses puck.
1:38 of 2nd period - Riley Nash is hit by Troy Stecher and loses puck.
1:54 of 2nd period - Icing by Troy Stecher.
1:55 of 2nd period - Bobby McMann wins face-off versus Connor McMichael in Edmonton Oil Kings zone.
2:04 of 2nd period - Slapshot by Bobby McMann.
2:04 of 2nd period - Stopped by Karel Vejmelka with a rebound.
2:06 of 2nd period - Minor Penalty to Troy Stecher for Tripping.
2:07 of 2nd period - Connor McMichael wins face-off versus Bobby McMann in Edmonton Oil Kings zone.
2:34 of 2nd period - Penalty to Oskar Back is over, Oskar Back is back on ice.
4:06 of 2nd period - Penalty to Troy Stecher is over, Troy Stecher is back on ice.
4:59 of 2nd period - Snap shot by Jasper Weatherby.
4:59 of 2nd period - Stopped by Karel Vejmelka with a rebound.
5:01 of 2nd period - Wrist shot by Jasper Weatherby.
5:01 of 2nd period - Shot Misses the Net.
5:50 of 2nd period - Minor Penalty to Brett Kulak for High sticking.
5:51 of 2nd period - Riley Nash wins face-off versus Connor McMichael in Edmonton Oil Kings zone.
5:52 of 2nd period - Snap shot by Roby Jarventie.
5:52 of 2nd period - Stopped by Karel Vejmelka with a rebound.
5:54 of 2nd period - Snap shot by Aku Raty.
5:54 of 2nd period - Shot Misses the Net.
5:56 of 2nd period - Snap shot by Aku Raty.
5:56 of 2nd period - Shot Blocked by Luke Hughes.
5:58 of 2nd period - Slapshot by Hardy Haman Aktell.
5:58 of 2nd period - Shot Blocked by Troy Stecher.
6:00 of 2nd period - Snap shot by Jake Christiansen.
6:00 of 2nd period - Shot Misses the Net.
6:16 of 2nd period - Hardy Haman Aktell is hit by Jack Quinn and loses puck.
6:29 of 2nd period - Snap shot by Roby Jarventie.
6:29 of 2nd period - Shot Misses the Net.
6:31 of 2nd period - Backhand shot by Maxence Guenette.
6:31 of 2nd period - Stopped by Karel Vejmelka with a rebound.
6:37 of 2nd period - Slapshot by Riley Nash.
6:37 of 2nd period - Stopped by Karel Vejmelka with a rebound.
6:49 of 2nd period - Wrist shot by Riley Nash.
6:49 of 2nd period - Deflect By Aku Raty.
6:49 of 2nd period - Shot Misses the Net.
6:49 of 2nd period - Puck is out of play.
6:50 of 2nd period - Mavrik Bourque wins face-off versus Connor McMichael in Edmonton Oil Kings zone.
6:51 of 2nd period - Slapshot by Bobby McMann.
6:51 of 2nd period - Shot Misses the Net.
6:53 of 2nd period - Slapshot by Joel Kiviranta.
6:53 of 2nd period - Stopped by Karel Vejmelka without a rebound.
6:54 of 2nd period - Mavrik Bourque wins face-off versus Connor McMichael in Edmonton Oil Kings zone.
6:57 of 2nd period - Slapshot by Joel Kiviranta.
6:57 of 2nd period - Goal by Joel Kiviranta - Kelowna Rockets : 2 - Edmonton Oil Kings : 0.
6:58 of 2nd period - Connor McMichael wins face-off versus Mavrik Bourque in neutral zone.
7:00 of 2nd period - Ryker Evans is hit by Chad Ruhwedel and loses puck.
7:07 of 2nd period - Wrist shot by Bobby McMann.
7:07 of 2nd period - Stopped by Karel Vejmelka with a rebound.
7:25 of 2nd period - Aku Raty is hit by Brett Kulak and loses puck.
7:46 of 2nd period - Slapshot by Luke Hughes.
7:46 of 2nd period - Stopped by Arvid Holm with a rebound.
7:48 of 2nd period - Snap shot by Ethan Cardwell.
7:48 of 2nd period - Stopped by Arvid Holm with a rebound.
7:50 of 2nd period - Wrist shot by Joey Anderson.
7:50 of 2nd period - Deflect By Mackenzie Entwistle.
7:50 of 2nd period - Goal by Mackenzie Entwistle - Kelowna Rockets : 2 - Edmonton Oil Kings : 1.
7:51 of 2nd period - Connor McMichael wins face-off versus Joel Kiviranta in neutral zone.
8:07 of 2nd period - Mavrik Bourque is hit by Troy Stecher and loses puck.
8:26 of 2nd period - Snap shot by Aku Raty.
8:26 of 2nd period - Stopped by Karel Vejmelka with a rebound.
8:28 of 2nd period - Snap shot by Roby Jarventie.
8:28 of 2nd period - Stopped by Karel Vejmelka with a rebound.
8:30 of 2nd period - Snap shot by Roby Jarventie.
8:30 of 2nd period - Shot Misses the Net.
8:32 of 2nd period - Slapshot by Maxence Guenette.
8:32 of 2nd period - Deflect By Luke Hughes.
8:32 of 2nd period - Stopped by Karel Vejmelka without a rebound.
8:33 of 2nd period - Mackenzie Entwistle wins face-off versus Riley Nash in Edmonton Oil Kings zone.
8:40 of 2nd period - Wrist shot by Joey Anderson.
8:40 of 2nd period - Stopped by Arvid Holm with a rebound.
8:44 of 2nd period - Slapshot by Joey Anderson.
8:44 of 2nd period - Stopped by Arvid Holm with a rebound.
8:48 of 2nd period - Snap shot by Joey Anderson.
8:48 of 2nd period - Shot Blocked by Maxence Guenette.
8:58 of 2nd period - Mikael Pyyhtia is hit by Noah Gregor and loses puck.
9:07 of 2nd period - Snap shot by Filip Zadina.
9:07 of 2nd period - Goal by Filip Zadina - Kelowna Rockets : 2 - Edmonton Oil Kings : 2.
9:08 of 2nd period - Connor McMichael wins face-off versus Mavrik Bourque in neutral zone.
9:11 of 2nd period - Mavrik Bourque is hit by Kirill Marchenko and loses puck.
9:19 of 2nd period - Wrist shot by Mavrik Bourque.
9:19 of 2nd period - Stopped by Karel Vejmelka without a rebound.
9:19 of 2nd period - Minor Penalty to Bobby McMann for Tripping.
9:20 of 2nd period - Dillon Dube wins face-off versus Joel Kiviranta in Kelowna Rockets zone.
9:27 of 2nd period - Snap shot by Filip Zadina.
9:27 of 2nd period - Shot Blocked by Maxence Guenette.
9:45 of 2nd period - Brett Kulak is hit by Maxence Guenette and loses puck.
10:35 of 2nd period - Off-side.
10:36 of 2nd period - Dillon Dube wins face-off versus Joel Kiviranta in neutral zone.
11:19 of 2nd period - Penalty to Bobby McMann is over, Bobby McMann is back on ice.
11:49 of 2nd period - Slapshot by Luke Hughes.
11:49 of 2nd period - Stopped by Arvid Holm without a rebound.
11:50 of 2nd period - Riley Nash wins face-off versus Connor McMichael in Kelowna Rockets zone.
12:27 of 2nd period - Snap shot by Mikael Pyyhtia.
12:27 of 2nd period - Shot Misses the Net.
12:39 of 2nd period - Bobby McMann is hit by Ethan Cardwell and loses puck.
12:46 of 2nd period - Backhand shot by Mackenzie Entwistle.
12:46 of 2nd period - Shot Misses the Net.
13:42 of 2nd period - Backhand shot by Jack Quinn.
13:42 of 2nd period - Shot Misses the Net.
14:00 of 2nd period - Wrist shot by Jake Christiansen.
14:00 of 2nd period - Shot Blocked by Josh Mahura.
14:02 of 2nd period - Wrist shot by Aku Raty.
14:02 of 2nd period - Shot Blocked by Josh Mahura.
14:12 of 2nd period - Maxence Guenette is hit by Jack Quinn and loses puck.
14:23 of 2nd period - Mavrik Bourque is hit by Noah Gregor and loses puck.
14:31 of 2nd period - Minor Penalty to Ryker Evans for Holding.
14:32 of 2nd period - Connor McMichael wins face-off versus Riley Nash in Edmonton Oil Kings zone.
14:43 of 2nd period - Slapshot by Chad Ruhwedel.
14:43 of 2nd period - Stopped by Karel Vejmelka with a rebound.
14:45 of 2nd period - Slapshot by Roby Jarventie.
14:45 of 2nd period - Shot Misses the Net.
16:31 of 2nd period - Penalty to Ryker Evans is over, Ryker Evans is back on ice.
17:03 of 2nd period - Snap shot by Mikael Pyyhtia.
17:03 of 2nd period - Goal by Mikael Pyyhtia - Kelowna Rockets : 3 - Edmonton Oil Kings : 2.
17:04 of 2nd period - Riley Nash wins face-off versus Connor McMichael in neutral zone.
17:48 of 2nd period - Off-side.
17:49 of 2nd period - Mackenzie Entwistle wins face-off versus Mikael Pyyhtia in neutral zone.
17:52 of 2nd period - Slapshot by Joey Anderson.
17:52 of 2nd period - Stopped by Arvid Holm without a rebound.
17:53 of 2nd period - Mikael Pyyhtia wins face-off versus Mackenzie Entwistle in Kelowna Rockets zone.
17:53 of 2nd period - Mikael Pyyhtia is hit by Mackenzie Entwistle.
18:29 of 2nd period - Snap shot by Jake Christiansen.
18:29 of 2nd period - Shot Blocked by Brett Kulak.
18:51 of 2nd period - Slapshot by Filip Zadina.
18:51 of 2nd period - Shot Misses the Net.
19:03 of 2nd period - Slapshot by Bobby McMann.
19:03 of 2nd period - Shot Misses the Net.
19:05 of 2nd period - Snap shot by Mikael Pyyhtia.
19:05 of 2nd period - Shot Blocked by Troy Stecher.
19:07 of 2nd period - Snap shot by Oskar Back.
19:07 of 2nd period - Stopped by Karel Vejmelka with a rebound.
19:09 of 2nd period - Wrist shot by Adam Sykora.
19:09 of 2nd period - Stopped by Karel Vejmelka with a rebound.
19:11 of 2nd period - Slapshot by Chad Ruhwedel.
19:11 of 2nd period - Shot Misses the Net.
19:13 of 2nd period - Slapshot by Adam Sykora.
19:13 of 2nd period - Shot Misses the Net.
Goals for this period are 2 for Kelowna Rockets vs 2 for Edmonton Oil Kings.
Shots for this period are 16 for Kelowna Rockets vs 8 for Edmonton Oil Kings.
3rd period
0:01 of 3rd period - Riley Nash wins face-off versus Samuel Helenius in neutral zone.
0:13 of 3rd period - Minor Penalty to Ethan Cardwell for Tripping.
0:14 of 3rd period - Connor McMichael wins face-off versus Mavrik Bourque in Edmonton Oil Kings zone.
0:40 of 3rd period - Kirill Marchenko is hit by Chad Ruhwedel and loses puck.
1:44 of 3rd period - Ryker Evans is hit by Mavrik Bourque and loses puck.
1:55 of 3rd period - Noah Gregor is hit by Roby Jarventie.
2:13 of 3rd period - Penalty to Ethan Cardwell is over, Ethan Cardwell is back on ice.
2:23 of 3rd period - Slapshot by Troy Stecher.
2:23 of 3rd period - Deflect By Adam Sykora.
2:23 of 3rd period - Stopped by Arvid Holm with a rebound.
2:25 of 3rd period - Snap shot by Joey Anderson.
2:25 of 3rd period - Stopped by Arvid Holm without a rebound.
2:26 of 3rd period - Mackenzie Entwistle wins face-off versus Mikael Pyyhtia in Kelowna Rockets zone.
2:38 of 3rd period - Off-side.
2:39 of 3rd period - Mikael Pyyhtia wins face-off versus Samuel Helenius in neutral zone.
2:42 of 3rd period - Ethan Cardwell is hit by Hardy Haman Aktell and loses puck.
3:11 of 3rd period - Wrist shot by Aku Raty.
3:11 of 3rd period - Stopped by Karel Vejmelka with a rebound.
3:13 of 3rd period - Slapshot by Riley Nash.
3:13 of 3rd period - Deflect By Aku Raty.
3:13 of 3rd period - Stopped by Karel Vejmelka with a rebound.
3:17 of 3rd period - Slapshot by Roby Jarventie.
3:17 of 3rd period - Shot Misses the Net.
3:19 of 3rd period - Slapshot by Jake Christiansen.
3:19 of 3rd period - Stopped by Karel Vejmelka with a rebound.
3:33 of 3rd period - Slapshot by Luke Hughes.
3:33 of 3rd period - Deflect By Bobby McMann.
3:33 of 3rd period - Stopped by Arvid Holm with a rebound.
3:39 of 3rd period - Snap shot by Bobby McMann.
3:39 of 3rd period - Shot Misses the Net.
4:15 of 3rd period - Icing by Mikael Pyyhtia.
4:16 of 3rd period - Dillon Dube wins face-off versus Riley Nash in Kelowna Rockets zone.
4:23 of 3rd period - Slapshot by Aku Raty.
4:23 of 3rd period - Shot Blocked by Brett Kulak.
4:25 of 3rd period - Wrist shot by Riley Nash.
4:25 of 3rd period - Shot Blocked by Dillon Dube.
4:27 of 3rd period - Backhand shot by Aku Raty.
4:27 of 3rd period - Stopped by Karel Vejmelka with a rebound.
4:29 of 3rd period - Snap shot by Roby Jarventie.
4:29 of 3rd period - Stopped by Karel Vejmelka with a rebound.
4:31 of 3rd period - Snap shot by Roby Jarventie.
4:31 of 3rd period - Stopped by Karel Vejmelka without a rebound.
4:32 of 3rd period - Mavrik Bourque wins face-off versus Connor McMichael in Edmonton Oil Kings zone.
4:37 of 3rd period - Snap shot by Mavrik Bourque.
4:37 of 3rd period - Goal by Mavrik Bourque - Kelowna Rockets : 4 - Edmonton Oil Kings : 2.
4:38 of 3rd period - Connor McMichael wins face-off versus Riley Nash in neutral zone.
4:43 of 3rd period - Wrist shot by Jack Quinn.
4:43 of 3rd period - Stopped by Arvid Holm with a rebound.
4:45 of 3rd period - Slapshot by Jack Quinn.
4:45 of 3rd period - Stopped by Arvid Holm with a rebound.
4:47 of 3rd period - Snap shot by Kirill Marchenko.
4:47 of 3rd period - Stopped by Arvid Holm without a rebound.
4:48 of 3rd period - Connor McMichael wins face-off versus Riley Nash in Kelowna Rockets zone.
4:49 of 3rd period - Wrist shot by Kirill Marchenko.
4:49 of 3rd period - Shot Blocked by Riley Nash.
4:51 of 3rd period - Slapshot by Connor McMichael.
4:51 of 3rd period - Stopped by Arvid Holm with a rebound.
4:53 of 3rd period - Slapshot by Connor McMichael.
4:53 of 3rd period - Shot Blocked by Maxence Guenette.
4:55 of 3rd period - Backhand shot by Jack Quinn.
4:55 of 3rd period - Stopped by Arvid Holm without a rebound.
4:56 of 3rd period - Mavrik Bourque wins face-off versus Connor McMichael in Kelowna Rockets zone.
5:01 of 3rd period - Kirill Marchenko is hit by Mavrik Bourque and loses puck.
5:14 of 3rd period - Kirill Marchenko is hit by Mavrik Bourque and loses puck.
5:25 of 3rd period - Snap shot by Connor McMichael.
5:25 of 3rd period - Stopped by Arvid Holm with a rebound.
5:52 of 3rd period - Minor Penalty to Mackenzie Entwistle for Slashing.
5:53 of 3rd period - Connor McMichael wins face-off versus Mavrik Bourque in Edmonton Oil Kings zone.
5:58 of 3rd period - Snap shot by Mavrik Bourque.
5:58 of 3rd period - Stopped by Karel Vejmelka with a rebound.
6:22 of 3rd period - Snap shot by Jack Quinn.
6:22 of 3rd period - Stopped by Arvid Holm with a rebound.
6:54 of 3rd period - Jack Quinn is hit by Mavrik Bourque and loses puck.
7:52 of 3rd period - Penalty to Mackenzie Entwistle is over, Mackenzie Entwistle is back on ice.
8:05 of 3rd period - Mackenzie Entwistle is hit by Eemil Viro and loses puck.
8:14 of 3rd period - Wrist shot by Oskar Back.
8:14 of 3rd period - Shot Blocked by Noah Gregor.
8:43 of 3rd period - Slapshot by Ryker Evans.
8:43 of 3rd period - Shot Misses the Net.
9:41 of 3rd period - Maxence Guenette is hit by Ryker Evans.
10:43 of 3rd period - Troy Stecher is hit by Chad Ruhwedel and loses puck.
11:10 of 3rd period - Icing by Mackenzie Entwistle.
11:11 of 3rd period - Mackenzie Entwistle wins face-off versus Jasper Weatherby in Edmonton Oil Kings zone.
11:26 of 3rd period - Filip Zadina is hit by Maxence Guenette and loses puck.
11:33 of 3rd period - Snap shot by Mikael Pyyhtia.
11:33 of 3rd period - Deflect By Oskar Back.
11:33 of 3rd period - Shot Blocked by Ryker Evans.
11:33 of 3rd period - Puck is out of play.
11:34 of 3rd period - Joel Kiviranta wins face-off versus Connor McMichael in Edmonton Oil Kings zone.
12:39 of 3rd period - Wrist shot by Kirill Marchenko.
12:39 of 3rd period - Stopped by Arvid Holm with a rebound.
13:43 of 3rd period - Slapshot by Riley Nash.
13:43 of 3rd period - Stopped by Karel Vejmelka with a rebound.
13:45 of 3rd period - Backhand shot by Maxence Guenette.
13:45 of 3rd period - Deflect By Roby Jarventie.
13:45 of 3rd period - Shot Misses the Net.
13:45 of 3rd period - Puck is out of play.
13:46 of 3rd period - Riley Nash wins face-off versus Dillon Dube in Edmonton Oil Kings zone.
14:10 of 3rd period - Bobby McMann is hit by Ethan Cardwell and loses puck.
14:19 of 3rd period - Slapshot by Joel Kiviranta.
14:19 of 3rd period - Shot Blocked by Joey Anderson.
14:29 of 3rd period - Ethan Cardwell is hit by Oskar Back and loses puck.
14:47 of 3rd period - Slapshot by Joey Anderson.
14:47 of 3rd period - Shot Misses the Net.
14:59 of 3rd period - Ethan Cardwell is hit by Bobby McMann.
15:23 of 3rd period - Wrist shot by Jack Quinn.
15:23 of 3rd period - Stopped by Arvid Holm with a rebound.
15:43 of 3rd period - Snap shot by Chad Ruhwedel.
15:43 of 3rd period - Shot Misses the Net.
15:45 of 3rd period - Snap shot by Chad Ruhwedel.
15:45 of 3rd period - Shot Misses the Net.
17:12 of 3rd period - Roby Jarventie is hit by Noah Gregor and loses puck.
19:12 of 3rd period - Icing by Mavrik Bourque.
19:13 of 3rd period - Mackenzie Entwistle wins face-off versus Mavrik Bourque in Kelowna Rockets zone.
19:16 of 3rd period - Wrist shot by Ethan Cardwell.
19:16 of 3rd period - Shot Blocked by Hardy Haman Aktell.
Goals for this period are 1 for Kelowna Rockets vs 0 for Edmonton Oil Kings.
Shots for this period are 9 for Kelowna Rockets vs 12 for Edmonton Oil Kings.
Back to the Top